 Dungeon Crawl Stone Soup version 0.27.0-1-g7a089689b8 (webtiles) character file.

Game seed: 12130106644119628025

45 Anothat the Grasshopper (level 3, -10/31 HPs)
             Began as a Gnoll Warper on Aug 1, 2021.
             Was a Believer of Kikubaaqudgha.
             Mangled by an orc (19 damage)
             ... on level 3 of the Dungeon.
             The game lasted 00:03:03 (3072 turns).

Anothat the Grasshopper (Gnoll Warper)              Turns: 3072, Time: 00:03:03

Health: -10/31     AC:  3    Str: 11    XL:     3   Next: 64%
Magic:  9/9        EV: 12    Int: 12    God:    Kikubaaqudgha [**....]
Gold:   95         SH:  0    Dex: 11    Spells: 9/12 levels left

rFire    . . .     SeeInvis .   p - +0 glaive
rCold    . . .     Faith    .   (shield currently unavailable)
rNeg     . . .     Spirit   .   b - +0 leather armour
rPois    .         Reflect  .   (no helmet)
rElec    .         Harm     .   (no cloak)
rCorr    .         Rampage  .   (no gloves)
Will     .....                  (no boots)
Stlth    +.........             n - amulet of magic regeneration
HPRegen  0.10/turn              (no ring)
MPRegen  0.36/turn              (no ring)

@: no status effects
A: fangs 1, strong nose, distributed training
a: Renounce Religion, Receive Corpses


You were on level 3 of the Dungeon.
You worshipped Kikubaaqudgha.
Kikubaaqudgha was pleased with you.
You visited 1 branch of the dungeon, and saw 3 of its levels.

You collected 95 gold pieces.

Inventory:

Hand Weapons
 a - a +0 hand axe
 p - a +0 glaive (weapon)
Missiles
 d - 5 boomerangs of dispersal (quivered)
Armour
 b - a +0 leather armour (worn)
Jewellery
 n - an amulet of magic regeneration (around neck)
 o - a ring of positive energy
Scrolls
 c - a scroll of blinking
 e - a scroll of torment {unknown}
 h - a scroll of acquirement {unknown}
 i - a scroll of amnesia {unknown}
 l - a scroll of identify {unknown}
 r - a scroll of teleportation {unknown}
Potions
 f - a potion of berserk rage {unknown}
 g - a potion of haste {unknown}
 j - 4 potions of heal wounds {unknown}
 k - a potion of flight {unknown}
 m - 3 potions of curing {unknown}
 q - a potion of brilliance {unknown}


   Skills:
 + Level 4.5 Fighting
 + Level 0.9 Short Blades
 + Level 0.9 Long Blades
 + Level 4.5 Axes
 + Level 0.9 Maces & Flails
 + Level 0.9 Polearms
 + Level 0.9 Staves
 + Level 0.9 Slings
 + Level 0.9 Bows
 + Level 0.9 Crossbows
 + Level 2.6 Throwing
 + Level 2.6 Armour
 + Level 4.5 Dodging
 + Level 0.9 Stealth
 + Level 0.9 Shields
 + Level 0.9 Unarmed Combat
 + Level 5.0 Spellcasting
 + Level 0.6 Conjurations
 + Level 0.6 Hexes
 + Level 0.6 Summonings
 + Level 0.6 Necromancy
 + Level 5.4 Translocations
 + Level 0.6 Transmutations
 + Level 0.6 Fire Magic
 + Level 0.6 Ice Magic
 + Level 0.6 Air Magic
 + Level 0.6 Earth Magic
 + Level 0.6 Poison Magic
 + Level 1.0 Invocations
 + Level 0.9 Evocations


You had 9 spell levels left.
You knew the following spells:

 Your Spells              Type           Power      Damage    Failure   Level
a - Animate Skeleton      Necr           8%         N/A       21%         1
b - Blink                 Tloc           N/A        N/A       4%          2

Your spell library contained the following spells:

 Spells                   Type           Power      Damage    Failure   Level
 Gell's Gravitas          Tloc           8%         N/A       9%          3
 Lesser Beckoning         Tloc           8%         N/A       9%          3
 Teleport Other           Tloc           16%        N/A       9%          3
 Pain                     Necr           16%        1d4       21%         1
 Sublimation of Blood     Necr           2%         N/A       30%         2
 Vampiric Draining        Necr           2%         2d6       52%         3
 Manifold Assault         Tloc           16%        N/A       61%         5


Dungeon Overview and Level Annotations

Branches:
Dungeon (3/15)

Altars:
Kikubaaqudgha

Annotations:
D:2 1 runed translucent door, Crazy Yiuf


Innate Abilities, Weirdness & Mutations

You have very sharp teeth.
Your uncanny sense of smell can sniff out nearby items.
Your experience applies equally to all skills.


Message History

The orc is severely wounded.
The bat hits you but does no damage. The bat misses you.
The orc hits you with a +0 short sword. The bat barely misses you.
A hobgoblin comes into view.
The orc hits you but does no damage.
You hit the orc.
You kill the orc!
Kikubaaqudgha accepts your kill. The bat barely misses you.
The bat hits you but does no damage.
You slash the orc wizard!
The orc wizard is heavily wounded.
The bat misses you. The bat completely misses you.
You hit the orc wizard.
You bite the orc wizard, but do no damage.
The orc wizard is severely wounded.
The bat closely misses you. The bat barely misses you.
The orc wizard hits you but does no damage.
The orc barely misses you.
The orc wizard gestures at you while chanting.
The puff of flame hits you!
You barely miss the orc wizard.
You bite the orc wizard, but do no damage.
The orc wizard is severely wounded.
The bat hits you but does no damage. The orc completely misses you.
The orc wizard hits you with a +0 dagger.
The bat completely misses you. The orc completely misses you.
The orc wizard hits you but does no damage.
You are too injured to fight recklessly!
You are too injured to fight recklessly!
You miss the orc wizard.
The orc wizard is severely wounded.
The bat misses you. The bat hits you but does no damage. x2
The orc hits you with a +1 hand axe of electrocution.
The orc wizard hits you but does no damage.
The orc hits you with a +1 hand axe of electrocution.
* * * LOW HITPOINT WARNING * * *
You are electrocuted!!
Ouch! That really hurt!
You die...
Kikubaaqudgha rasps: "You have failed me!
Welcome... death!"

##############
########.............
#......#.............
########......#.............
.......#......#.............
.......#......#.............
.......'.....>#..........###
.......#......#...b......#
#############..o@........#
###o##########


.So #.... #.... #.... # +.... # #.... # You could see an orc wizard, 2 orcs, a
bat and a ball python.

Vanquished Creatures
  A worm (D:2)
  An orc (D:3)
  5 ball pythons
  4 bats
  5 endoplasms
  4 giant cockroaches
  3 goblins
  3 hobgoblins
  5 kobolds
  3 quokkas
  A frilled lizard (D:2)
  3 rats
38 creatures vanquished.

Vanquished Creatures (others)
  A plant (D:1)
1 creature vanquished.

Grand Total: 39 creatures vanquished

Notes
Turn   | Place    | Note
-------+----------+-------------------------------------------
     0 | D:1      | Anothat the Gnoll Warper began the quest for the Orb.
     0 | D:1      | Reached XP level 1. HP: 20/20 MP: 6/6
   180 | D:1      | Reached XP level 2. HP: 21/26 MP: 7/7
   371 | D:1      | Found a faded altar of an unknown god.
   382 | D:1      | Became a worshipper of Kikubaaqudgha
   382 | D:1      | Reached * piety under Kikubaaqudgha
   382 | D:1      | Received a gift from Kikubaaqudgha
   734 | D:1      | Learned a level 1 spell: Animate Skeleton
  1107 | D:2      | Reached XP level 3. HP: 24/31 MP: 9/9
  1231 | D:2      | Reached skill level 5 in Spellcasting
  1698 | D:2      | Found a runed translucent door.
  1699 | D:2      | Noticed Crazy Yiuf
  2105 | D:2      | Learned a level 2 spell: Blink
  2645 | D:3      | Reached skill level 1 in Invocations
  2896 | D:3      | Reached ** piety under Kikubaaqudgha
  3072 | D:3      | Mangled by an orc

Illustrated notes

Levels and vault maps discovered:
D:1:      dpeg_arrival_rooms_a, layout_basic, dreamdust_ecumenical_altar_grove,
          minmay_quantized
D:2:      minmay_wonky_spiral, layout_loops_ring, uniq_crazy_yiuf_cottage
D:3:      layout_basic, serial_corexii_hall, chequers_hall_statues_corner_a,
          corexii_hall_statues_l, uniq_terence

Skill      XL: |  1  2  3 |
---------------+----------+-----
Spellcasting   | 5 |  5.0
Invocations    | 1 |  1.0
Fighting       | |  4.5
Short Blades   | |  0.9
Long Blades    | |  0.9
Axes           | |  4.5
Maces & Flails | |  0.9
Polearms       | |  0.9
Staves         | |  0.9
Slings         | |  0.9
Bows           | |  0.9
Crossbows      | |  0.9
Throwing       | |  2.6
Armour         | |  2.6
Dodging        | |  4.5
Stealth        | |  0.9
Shields        | |  0.9
Unarmed Combat | |  0.9
Conjurations   | |  0.6
Hexes          | |  0.6
Summonings     | |  0.6
Necromancy     | |  0.6
Translocations | |  5.4
Transmutations | |  0.6
Fire Magic     | |  0.6
Ice Magic      | |  0.6
Air Magic      | |  0.6
Earth Magic    | |  0.6
Poison Magic   | |  0.6
Evocations     | |  0.9

Action                   || total
-------------------------++-------
Melee: Hand axe          ||   126
       Punch             ||     2
       Bite              ||    14
       Glaive            ||    16
 Cast: Animate Skeleton  ||     2
 Stab: Sleeping          ||     1
Armor: Leather armour    ||    40
Dodge: Dodged            ||    93
